 Dungeon Crawl Stone Soup version 0.30-a0-738-g116ff8c4af (webtiles) character file.

Game seed: 15265579706424272974

2056539 ragingrage the Bringer of Life (level 27, 265/269 HPs)
             Began as a Hill Orc Fighter on Feb 3, 2023.
             Was the Champion of Elyvilon.
             Escaped with the Orb
             ... and 4 runes!
             The game lasted 02:17:21 (87039 turns).

ragingrage the Bringer of Life (Hill Orc Fighter)  Turns: 87039, Time: 02:17:22

Health: 265/269    AC: 49    Str: 38    XL:     27
Magic:  45/45      EV: 15    Int: 16    God:    Elyvilon [******]
Gold:   2229       SH:  0    Dex: 15    Spells: 26/26 levels left

rFire   + + +      SeeInvis +    a - +5 executioner's axe of the Original Sin {freeze, MP+9 Str+5 Int+2 Dex-2}
rCold   + . .      Faith    .    (shield currently unavailable)
rNeg    + + +      Spirit   .    R - +7 crystal plate armour {rC+}
rPois   +          Reflect  .    S - +1 hat of Xipn {rF++ Int+3 Dex-5 SInv}
rElec   +          Harm     .    r - +1 cloak {rCorr}
rCorr   +          Rampage  .    E - +2 pair of gloves {hurl}
Will    ++++.                    n - +3 pair of boots "Yxtiar" {Contam rPois Will++ Regen+ SInv} Stlth
                                 A - macabre finger necklace {Finger+ rN+}
HPRegen 1.44/turn                D - ring "Conulesi" {Drain rPois rF+ Dex+6 Stlth+}
MPRegen 0.29/turn                h - ring "Usux" {rN+ Dex+6}
                                 q - ring of the Thoughtful Knives {Fly rF+ rN+ Int+3}

@: flying, studying Invocations
A: low MP 1, mutation resistance 1, passive freeze, electricity resistance,
MP-powered wands
0: Orb of Zot
}: 4/15 runes: decaying, slimy, silver, gossamer
a: Renounce Religion, Purification, Heal Other, Heal Self, Divine Vigour


You escaped.
You worshipped Elyvilon.
Elyvilon was exalted by your worship.
You visited 12 branches of the dungeon, and saw 56 of its levels.
You visited 1 bazaar.
You also visited: Trove, Gauntlet, Ice Cave and Desolation.

You collected 7857 gold pieces.
You spent 5628 gold pieces at shops.

Inventory:

Hand Weapons
 a - the +5 executioner's axe of the Original Sin (weapon) {freeze, MP+9 Str+5 Int+2 Dex-2}
   (You found it in a treasure trove)

   Str:       It affects your strength (+5).
   Int:       It affects your intelligence (+2).
   Dex:       It affects your dexterity (-2).
   MP:        It affects your magic capacity (+9).
 b - the +3 greatsling "Punk" {acid, rCorr}
   (You bought it in a shop on level 2 of the Orcish Mines)

   rCorr:     It protects you from acid and corrosion.
 c - a +9 antimagic executioner's axe
Missiles
 o - 19 silver boomerangs
 y - 11 boomerangs (quivered)
 K - 7 silver javelins
 M - 18 javelins
 P - 12 curare-tipped darts
 X - a throwing net
Armour
 n - the +3 pair of boots "Yxtiar" (worn) {Contam rPois Will++ Regen+ SInv}
   (You found it on level 1 of the Spider Nest)

   rPois:     It protects you from poison.
   SInv:      It lets you see invisible.
   Contam:    It causes magical contamination when unequipped.
   Regen:     It increases your rate of health regeneration.
   Will:      It greatly increases your willpower.
 r - a +1 cloak of preservation (worn)
 E - a +2 pair of gloves of hurling (worn)
 R - a +7 crystal plate armour of cold resistance (worn)
 S - the +1 hat of Xipn (worn) {rF++ Int+3 Dex-5 SInv}
   (You found it in a Gauntlet)

   Int:       It affects your intelligence (+3).
   Dex:       It affects your dexterity (-5).
   rF:        It greatly protects you from fire.
   SInv:      It lets you see invisible.
Jewellery
 h - the ring "Usux" (right hand) {rN+ Dex+6}
   (You bought it in a shop on level 4 of the Depths)

   [ring of dexterity]

   Dex:       It affects your dexterity (+6).
   rN:        It protects you from negative energy.
 j - the amulet "Ufitad" {Acrobat rElec rF+ Str+2 Int+3}
   (You found it on level 5 of the Pits of Slime)

   [amulet of the acrobat]

   It increases your evasion while moving and waiting.
   Str:       It affects your strength (+2).
   Int:       It affects your intelligence (+3).
   rF:        It protects you from fire.
   rElec:     It insulates you from electricity.
 q - the ring of the Thoughtful Knives (on amulet) {Fly rF+ rN+ Int+3}
   (You found it in the Desolation of Salt)

   [ring of protection from fire]

   Int:       It affects your intelligence (+3).
   rF:        It protects you from fire.
   rN:        It protects you from negative energy.
   Fly:       It grants you flight.
 A - the macabre finger necklace (around neck) {Finger+ rN+}
   (You took it off an orc high priest on level 3 of the Elven Halls)

   [amulet of nothing]

   Finger+:   It enables you to equip an extra ring.
   rN:        It protects you from negative energy.
 D - the ring "Conulesi" (left hand) {Drain rPois rF+ Dex+6 Stlth+}
   (You found it in a Gauntlet)

   [ring of dexterity]

   Dex:       It affects your dexterity (+6).
   rF:        It protects you from fire.
   rPois:     It protects you from poison.
   Drain:     It drains your maximum health when unequipped.
   Stlth:     It makes you more stealthy.
Wands
 u - a wand of digging (48)
 z - a wand of charming (99)
 I - a wand of mindburst (13)
 J - a wand of roots (61)
 T - a wand of quicksilver (40)
Scrolls
 f - 5 scrolls of fear
 g - 5 scrolls of fog
 m - 4 scrolls of silence
 p - 6 scrolls of butterflies
 s - 9 scrolls of poison
 w - 12 scrolls of immolation
 x - 14 scrolls of vulnerability
 B - 13 scrolls of teleportation
 G - 3 scrolls of magic mapping
 O - 4 scrolls of brand weapon
 Q - 5 scrolls of blinking
Potions
 i - 21 potions of curing
 k - 3 potions of haste
 l - 14 potions of might
 t - 7 potions of mutation
 v - 6 potions of berserk rage
 C - 11 potions of ambrosia
 F - 8 potions of heal wounds
 H - 2 potions of magic
 N - 10 potions of flight
 U - 3 potions of resistance
 V - 2 potions of cancellation
 Y - 7 potions of attraction
 Z - 7 potions of invisibility
Miscellaneous
 d - a phial of floods
 e - a tin of tremorstones (2/2)
 L - a lightning rod (4/4)
 W - a box of beasts


   Skills:
 - Level 26.0 Fighting
 - Level 24.0 Axes
 - Level 6.0 Ranged Weapons
 + Level 17.2 Throwing
 - Level 24.0 Armour
 + Level 14.5 Dodging
 - Level 12.0 Stealth
 - Level 3.2 Shields
 O Level 27 Invocations
 - Level 15.0 Evocations


You had 26 spell levels left.
You didn't know any spells.
Your spell library contained the following spells:

 Spells                   Type           Power      Damage    Failure   Level
 Apportation              Tloc           0%         N/A       75%         1
 Beastly Appendage        Tmut           0%         N/A       75%         1
 Foxfire                  Conj/Fire      0%         2x1d4     75%         1
 Freeze                   Ice            0%         1d3       75%         1
 Magic Dart               Conj           0%         1d3       75%         1
 Necrotise                Necr           0%         1d4       75%         1
 Sandblast                Erth           0%         2d4       75%         1
 Slow                     Hex            0%         N/A       75%         1
 Sting                    Tmut/Pois      0%         1d3       75%         1
 Summon Small Mammal      Summ           0%         N/A       75%         1
 Blink                    Tloc           0%         N/A       87%         2
 Cigotuvi's Dreadful Rot  Necr/Pois/Air  0%         N/A       87%         2
 Lesser Beckoning         Tloc           0%         N/A       87%         2
 Momentum Strike          Conj/Tloc      0%         3d8       87%         2
 Passwall                 Tmut/Erth      0%         N/A       87%         2
 Poisonous Vapours        Pois/Air       0%         N/A       87%         2
 Searing Ray              Conj           0%         2d4       87%         2
 Static Discharge         Conj/Air       0%         2-2/arc   87%         2
 Call Canine Familiar     Summ           0%         N/A       98%         3
 Confusing Touch          Hex            0%         N/A       98%         3
 Frozen Ramparts          Ice            0%         1d1       98%         3
 Gell's Gravitas          Tloc           0%         N/A       98%         3
 Hailstorm                Conj/Ice       0%         3d3       98%         3
 Ignite Poison            Fire/Tmut/Pois 0%         N/A       98%         3
 Kindle Blastsparks       Fire/Tloc/Air  0%         2d10      98%         3
 Mephitic Cloud           Conj/Pois/Air  0%         N/A       98%         3
 Ozocubu's Armour         Ice            0%         N/A       98%         3
 Portal Projectile        Hex/Tloc       0%         N/A       98%         3
 Stone Arrow              Conj/Erth      0%         3d7       98%         3
 Summon Guardian Golem    Hex/Summ       0%         N/A       98%         3
 Teleport Other           Tloc           0%         N/A       98%         3
 Tukima's Dance           Hex            0%         N/A       98%         3
 Vampiric Draining        Necr           0%         2d6       98%         3
 Vhi's Electric Charge    Tloc/Air       0%         N/A       98%         3
 Animate Armour           Summ/Erth      0%         N/A       100%        4
 Cause Fear               Hex            0%         N/A       100%        4
 Flame Wave               Conj/Fire      0%         2d4       100%        4
 Fulminant Prism          Conj/Hex       0%         3d5       100%        4
 Ice Form                 Ice/Tmut       0%         N/A       100%        4
 Leda's Liquefaction      Hex/Erth       0%         N/A       100%        4
 Manifold Assault         Tloc           0%         N/A       100%        4
 Olgreb's Toxic Radiance  Pois           0%         N/A       100%        4
 Passage of Golubria      Tloc           0%         N/A       100%        4
 Petrify                  Tmut/Erth      0%         N/A       100%        4
 Sticky Flame             Conj/Fire      0%         2d3       100%        4
 Summon Ice Beast         Ice/Summ       0%         N/A       100%        4
 Agony                    Necr           0%         N/A       100%        5
 Alistair's Intoxication  Tmut/Pois      0%         N/A       100%        5
 Arcjolt                  Conj/Air       0%         1d10      100%        5
 Blade Hands              Tmut           0%         N/A       100%        5
 Borgnjor's Vile Clutch   Necr/Erth      0%         N/A       100%        5
 Fireball                 Conj/Fire      0%         3d3       100%        5
 Freezing Cloud           Conj/Ice/Air   0%         6-21      100%        5
 Irradiate                Conj/Tmut      0%         3d11      100%        5
 Iskenderun's Battlesphe  Conj           0%         2d6       100%        5
 Lee's Rapid Deconstruct  Erth           0%         3d4*      100%        5
 Lightning Bolt           Conj/Air       0%         1d11      100%        5
 Summon Forest            Summ/Tloc      0%         N/A       100%        5
 Summon Mana Viper        Hex/Summ       0%         N/A       100%        5
 Yara's Violent Unravell  Hex/Tmut       0%         3d3       100%        5
 Conjure Ball Lightning   Conj/Air       0%         3x3d6     100%        6
 Dispersal                Tloc           0%         N/A       100%        6
 Eringya's Noxious Bog    Tmut/Pois      0%         N/A       100%        6
 Iron Shot                Conj/Erth      0%         9d1       100%        6
 Simulacrum               Ice/Necr       0%         N/A       100%        6
 Starburst                Conj/Fire      0%         6d3       100%        6
 Statue Form              Tmut/Erth      0%         N/A       100%        6
 Monstrous Menagerie      Summ           0%         N/A       100%        7
 Orb of Destruction       Conj           0%         9d5       100%        7
 Ozocubu's Refrigeration  Ice            0%         4d7       100%        7
 Spellforged Servitor     Conj/Summ      0%         N/A       100%        7
 Storm Form               Tmut/Air       0%         N/A       100%        7
 Summon Hydra             Summ           0%         N/A       100%        7
 Discord                  Hex            0%         N/A       100%        8
 Disjunction              Tloc           0%         N/A       100%        8
 Ignition                 Fire           0%         3d3       100%        8
 Maxwell's Capacitive Co  Air            0%         ∞         100%        8
 Necromutation            Tmut/Necr      0%         N/A       100%        8
 Chain Lightning          Conj/Air       0%         N/A       100%        9
 Fire Storm               Conj/Fire      0%         5d1       100%        9
 Shatter                  Erth           0%         3d5*      100%        9


Dungeon Overview and Level Annotations

Branches:
Dungeon (15/15)            Temple (1/1) D:5            Lair (5/5) D:8
  Swamp (4/4) Lair:3       Spider (4/4) Lair:2        Slime (5/5) Lair:4
    Orc (2/2) D:10            Elf (3/3) Orc:2        Vaults (5/5) D:14
  Crypt (3/3) Vaults:3       Tomb (0/3) Crypt:3      Depths (4/4) D:15
    Zot (5/5) Depths:4      IceCv (visited)         Desolation (visited)
Gauntlet (visited)

Altars:
Ashenzari
Cheibriados
Dithmenos
Elyvilon
Fedhas
Gozag
Hepliaklqana
Kikubaaqudgha
Makhleb
Nemelex Xobeh
Okawaru
Qazlal
Ru
Sif Muna
Trog
Uskayaw
Vehumet
Wu Jian
Xom
Yredelemnul
Zin
The Shining One
Beogh
Jiyva
Lugonu

Shops:
D:6 !   D:8 *   D:9 =   D:10 *   Orc:2 **!(   Elf:1 *   Elf:2 :   Elf:3 (![!
Vaults:1 :   Vaults:2 =   Vaults:3 [*[?   Depths:2 *   Depths:4 *[*

Portals:
Hell: Depths:1 Depths:2 Depths:3 Depths:4
Abyss: Lair:5 Depths:2 Depths:3 Depths:4
Pandemonium: Depths:2 Depths:4
Ziggurat: Depths:2

Annotations:
Swamp:2 Mlioglotl
Spider:3 2 transporters, exclusion: orange crystal statue
Elf:2 3 runed translucent doors


Innate Abilities, Weirdness & Mutations

Your magical capacity is low. (-10% MP)
You are somewhat resistant to further mutation.
A frigid envelope surrounds you and freezes all who hurt you.
You are resistant to electric shocks. (rElec)
You expend magic power (3 MP) to strengthen your wands.


Message History

Press: ? - help, Q - select action, (/) - cycle Shift-Dir - straight line, f - efreet
Aim: an efreet, wielding a +1 scimitar of flaming (87% to hit)
You throw a boomerang. The boomerang hits the efreet!!
The efreet is severely wounded.
Throw: 11 boomerangs
Press: ? - help, Q - select action, (/) - cycle Shift-Dir - straight line, f/p - efreet
Aim: an efreet, wielding a +1 scimitar of flaming (severely wounded, 87% to hit)
You throw a boomerang. The boomerang hits the efreet!!
You kill the efreet!
Throw: 11 boomerangs
Press: ? - help, Q - select action, (/) - cycle Shift-Dir - straight line, f - you Really target yourself? [Y]es or [N]o only, please.
Really target yourself?
Okay, then.
Unknown command.
(D) Dungeon (T) Temple (L) Lair (S) Swamp (N) Spider Nest (M) Slime Pits (O) Orcish Mines (E) Elven Halls (V) Vaults (C) Crypt (W) Tomb (U) Depths (H) Hell (Z) Zot
Where to? (Enter - D:1 @ (x,y), ? - help)
There is a stone staircase leading up here.
You fly upwards.
There is a stone staircase leading down here.
HP restored.
There is a stone staircase leading up here.
You fly upwards.
There is a stone staircase leading down, spattered with blood here.
There is a stone staircase leading up here.
You fly upwards.
There is a stone staircase leading down here.
There is an open door here.
There is an open door here.
There is an open door here.
A hell hog comes into view.
The hell hog squeals angrily.
There is a staircase leading out of the dungeon here.
The hell hog breathes fire at you.
The fireball explodes!
The fireball engulfs you. You resist.
You have escaped!

#...[########.########......##
#...## ###.......### ##...###.
#..## ##...........## ##..####
#..# ##....#####....## #...# #
#..# #...#########...# #...#
#.####..##....h..##..####..#
####.# #...#..##'##..#...# #..#
..##.# #..##.##...##.##..# #..#
#.##.# #..##.##.@.##.##..# #..###
#.##.# #..##.##...##.##..# #.....
..##.# #...#..#####..#...# #.####
#....####..##.......##..####.#
..##..# #...####.####...# #..#
...#..# ##....##'##....## #..#
##....## ##...........## ##..#
####...## ###.......### ##...#
..##....#################....####


You could see a hell hog (catching breath).

Vanquished Creatures
  the Royal Jelly (Slime:5)
  6 dread liches
  3 ancient liches
  10 orbs of fire
  The ghost of ASSMAN the Invulnerable, a legendary DsTm of Jiyva (Zot:5)
  A royal mummy (Crypt:3)
  2 Killer Klowns (Zot:5)
  Josephina (Crypt:3)
  Margery (Depths:2)
  Saint Roka (Vaults:4)
  3 curse toes
  10 golden dragons
  Nikola (Depths:1)
  2 bone dragons (Zot:2)
  2 electric golems (Zot:5)
  Jorgrun (Spider:2)
  Rupert (D:13)
  3 titans (Vaults:5)
  25 Orb Guardians
  11 tentacled monstrosities
  A walking earthen tome (Depths:4)
  A deep elf blademaster (Elf:3)
  23 acid blobs
  2 deep elf master archers (Elf:3)
  5 liches
  4 quicksilver dragons
  An Executioner (D:8)
  Frances (D:12)
  9 death cobs
  Roxanne (D:15)
  3 ancient champions
  6 sphinxes
  7 storm dragons
  The ghost of Yakesh the Executioner, an adept MiFi of Gozag (Elf:2)
  9 tengu reavers
  11 shadow dragons
  6 draconian monks
  2 draconian knights
  A fenstrider witch (Swamp:4)
  6 rockslimes
  A demonspawn warmonger (Zot:3)
  7 fire giants
  4 revenants
  A daeva (D:4)
  11 deep elf sorcerers
  12 frost giants
  11 azure jellies
  7 draconian scorchers
  Aizul (Elf:2)
  Louise (Depths:4)
  6 emperor scorpions (Spider:4)
  5 ghouls
  6 deep elf elementalists
  A broodmother (Spider:4)
  An orc warlord (Vaults:4)
  3 imperial myrmidons (Desolation)
  16 ironbound preservers
  A cacodemon (Depths:4)
  2 curse skulls (Crypt:3)
  3 draconian shifters
  12 vault wardens
  2 spriggan defenders
  6 ghost moths
  A shard shrike simulacrum (Crypt:3)
  6 draconian stormcallers
  2 angels
  2 caustic shrike skeletons
  7 quicksilver oozes
  3 war gargoyles
  2 reapers (Depths:3)
  9 very ugly things
  14 draconian annihilators
  3 ironbound thunderhulks
  8 stone giants
  14 green draconians
  8 vampire knights
  10 deep elf demonologists
  10 black draconians
  12 deep elf annihilators
  A lorocyproca (Depths:4)
  Azrael (D:14)
  11 red draconians
  4 eleionomae
  11 white draconians
  18 yellow draconians
  2 dire elephants (Swamp:3)
  A minotaur (Gauntlet)
  10 purple draconians
  2 spark wasps
  An ettin (shapeshifter) (Vaults:5)
  2 eidola
  4 crystal guardians
  3 mummy priests (Crypt:3)
  10 ettins
  11 deep elf death magi
  5 ragged hierophants (Desolation)
  5 entropy weavers
  8 jiangshi
  5 deep elf high priests
  A salamander tyrant (Depths:2)
  13 yaktaur captains
  4 great orbs of eyes
  A quicksilver dragon skeleton (Zot:2)
  A servant of whispers (Desolation)
  A spriggan air mage (Depths:2)
  25 vault guards (Vaults:5)
  13 peacekeepers
  2 rakshasas
  11 ice dragons
  2 caustic shrike simulacra (Crypt:1)
  5 fire dragons
  A hydra (shapeshifter) (Depths:4)
  13 hydras
  The ghost of demibob the Severer, a journeyman HOFi of Kikubaaqudgha (D:10)
  14 centaur warriors
  A catoblepas (D:14)
  5 ogre magi
  5 ironbound frosthearts
  6 deep troll shamans
  6 alligators
  3 death knights
  26 two-headed ogres
  9 boulder beetles
  7 tengu warriors
  A death yak (Lair:4)
  6 deep troll earth magi
  2 orc high priests
  Urug (D:11)
  12 vampire magi
  3 thrashing horrors (Lair:5)
  15 dancing weapons
  3 spriggan berserkers
  A storm dragon zombie (Zot:2)
  6 spriggans
  Amaemon (D:11)
  The ghost of Sylvie the Cleaver, a novice HOFi of Makhleb (D:10)
  19 deep elf knights
  22 hell knights
  Sonja (D:13)
  6 soul eaters
  A titan skeleton (Crypt:2)
  7 iron trolls
  5 pharaoh ants
  A sixfirhy (Zot:2)
  3 death drakes
  3 shadow wraiths
  2 salamander mystics (Depths:2)
  8 glowing orange brains
  11 swamp dragons
  29 skeletal warriors
  A spriggan simulacrum (Crypt:1)
  3 goliath frogs
  2 orb spiders (shapeshifter)
  A shadow demon (D:4)
  5 spriggan druids
  A swamp dragon (shapeshifter) (Elf:1)
  3 flayed ghosts
  5 wizards
  7 orb spiders
  18 bog bodies
  A fenstrider witch simulacrum (Crypt:3)
  8 steelbarb worms
  A bunyip skeleton (Crypt:1)
  9 lindwurms
  72 deep trolls
  A steelbarb worm (shapeshifter) (Vaults:5)
  3 orc knights
  23 ironbound convokers
  6 deep elf archers
  28 deep elf pyromancers
  15 phantasmal warriors
  The ghost of NinjaNoafa the Nimble, a novice MfGl (D:6)
  An orange crystal statue (IceCv)
  A faun (shapeshifter) (Depths:3)
  15 necromancers
  A stone giant zombie (Crypt:1)
  29 deep elf zephyrmancers
  A wolf spider zombie (D:15)
  21 wolf spiders
  2 oklob plants (Zot:4)
  3 harpies (Vaults:2)
  An iron dragon zombie (Vaults:4)
  23 ugly things
  6 cyclopes
  A jorogumo skeleton (Crypt:2)
  4 shining eyes
  A draconian zombie (Zot:2)
  2 will-o-the-wisps
  5 salamanders (Depths:2)
  A manticore (D:14)
  5 orc sorcerers
  An elf zombie (Vaults:4)
  An iron dragon skeleton (Crypt:3)
  2 elephants (Lair:5)
  A centaur zombie (Crypt:1)
  2 eleionoma skeletons (Crypt:1)
  3 guardian serpents (Desolation)
  23 moths of wrath
  A black mamba (Lair:5)
  10 vault sentinels
  2 eyes of devastation
  A naga zombie (Crypt:1)
  6 demonic crawlers
  2 naga magi (D:15)
  4 smoke demons
  2 molten gargoyles (D:12)
  3 centaur skeletons (D:15)
  3 gargoyles
  6 storm dragon simulacra (IceCv)
  4 torpor snails
  21 yaktaurs
  2 orange demons
  8 cane toads
  A white draconian zombie (Crypt:2)
  A rime drake (Lair:5)
  6 freezing wraiths
  A dire elephant skeleton (Crypt:1)
  A rime drake (shapeshifter) (Lair:5)
  A komodo dragon (shapeshifter) (Lair:5)
  An efreet (D:4)
  An anaconda simulacrum (Crypt:3)
  6 komodo dragons
  A hellion (Depths:1)
  An alligator snapping turtle skeleton (Crypt:1)
  3 ancient zymes (Lair:5)
  7 golden dragon simulacra (IceCv)
  5 tengu conjurers
  39 guardian mummies
  An ice devil (Depths:4)
  6 meliai
  A red devil (Depths:4)
  A queen bee (shapeshifter) (Elf:3)
  8 trolls
  A hellwing (Depths:4)
  10 tyrant leeches
  A queen bee (Spider:2)
  A polar bear (Lair:4)
  38 saltlings (Desolation)
  6 hornets
  A harpy skeleton (Crypt:1)
  2 bloated husks
  A tarantella (shapeshifter) (Elf:1)
  25 tarantellas
  48 blink frogs
  4 dream sheep
  A raiju (Swamp:3)
  18 culicivoras
  72 slime creatures
  22 jumping spiders
  A large abomination (Lair:5)
  5 air elementals
  Sigmund (D:5)
  A centaur simulacrum (Crypt:3)
  14 flying skulls
  An iron dragon simulacrum (Crypt:1)
  4 wyverns
  A hog (shapeshifter) (D:13)
  6 wraiths
  2 vampires (D:13)
  4 water elementals (Depths:4)
  9 fire elementals
  A wind drake zombie (Crypt:3)
  32 yaks
  5 basilisks
  6 chaos spawn
  2 golden eyes (Slime:1)
  11 ushabtiu (Crypt:3)
  2 steam dragons
  6 vampire mosquitoes
  55 redbacks
  An alligator snapping turtle simulacrum (Crypt:1)
  An elf skeleton (Vaults:4)
  13 swamp worms
  A harpy simulacrum (Crypt:1)
  Menkaure (D:6)
  2 wargs
  A deep troll zombie (Crypt:3)
  12 small abominations (Lair:5)
  2 acid dragons
  14 water moccasins
  A floating eye (Depths:3)
  10 hell hounds
  Duvessa (D:6)
  A glowing shapeshifter skeleton (Vaults:4)
  13 swamp drakes
  A faun skeleton (Crypt:3)
  5 black bears
  A black mamba simulacrum (Crypt:1)
  19 orc warriors
  A sky beast (D:8)
  A swamp dragon zombie (Crypt:3)
  A hog zombie (Crypt:3)
  8 wolves
  An ettin simulacrum (Crypt:3)
  31 ogres
  An ice beast (D:5)
  27 centaurs
  5 ice dragon simulacra (IceCv)
  7 boggarts
  4 phantoms
  2 kobold brigands
  6 necrophages
  8 bullfrogs
  A rime drake skeleton (Crypt:1)
  2 scorpions
  4 earth elementals
  2 gnoll sergeants
  17 wights
  Dowan (D:6)
  3 lindwurm simulacra (IceCv)
  31 killer bees
  A shapeshifter skeleton (Crypt:1)
  A spriggan skeleton (Crypt:2)
  3 vampire bats (D:7)
  4 electric eels
  3 howler monkeys
  5 lava snakes (D:12)
  4 hounds
  24 jellies
  14 orc priests
  A gnoll bouda (D:7)
  14 orc wizards
  Ijyb (D:2)
  6 hell rats (Lair:2)
  4 iguanas
  8 mummies
  21 gnolls
  A river rat (shapeshifter) (Vaults:5)
  3 adders
  2 swamp drake zombies
  A shadow imp (D:5)
  2 ufetubi (D:7)
  A lava snake zombie (Crypt:1)
  4 worms
  A dart slug (D:4)
  78 orcs
  5 ball pythons
  4 bat skeletons (D:7)
  A bat zombie (D:7)
  6 endoplasms
  10 giant cockroaches
  6 hobgoblins
  6 quokkas
  9 bats
  6 frilled lizards
  4 goblins
  2 hobgoblin skeletons (Crypt:1)
  18 kobolds
  An orc skeleton (Crypt:2)
  A quokka skeleton (Crypt:3)
  4 rats
  2 briar patches (Swamp:2)
  5 pillars of salt (Vaults:2)
2396 creatures vanquished.

Vanquished Creatures (collateral kills)
  A dread lich (Zot:5)
  A mana viper (shapeshifter) (Vaults:5)
2 creatures vanquished.

Vanquished Creatures (others)
  An acid blob (Zot:4)
  2 tengu reavers (Depths:1)
  A draconian knight (Zot:4)
  A fire giant (Depths:2)
  A draconian shifter (Zot:4)
  A vault warden (Vaults:2)
  A very ugly thing (Vaults:2)
  A draconian annihilator (Zot:4)
  A green draconian (Zot:3)
  A halazid warlock (Desolation)
  An ettin (Vaults:2)
  A ghost crab (Swamp:3)
  A centaur warrior (D:14)
  A deep elf knight (Elf:3)
  A swamp dragon (Swamp:3)
  An orb spider (Spider:4)
  A glowing orange brain (Depths:1)
  A phantasmal warrior (Vaults:5)
  A deep elf zephyrmancer (Elf:1)
  A wizard (Vaults:2)
  A moth of wrath (Zot:5)
  A dire elephant skeleton (Crypt:1)
  4 bloated husks
  A tyrant leech (Swamp:4)
  A saltling (Desolation)
  A hornet (Swamp:2)
  A spriggan (Swamp:2)
  A redback (Spider:4)
  A swamp worm (Swamp:3)
  An orc warrior (Orc:2)
  3 boggarts
  A killer bee (D:7)
  An electric eel (D:15)
  An orc (Orc:2)
  A quokka (D:15)
  24 foxfires
  27 fungi
  52 plants
  6 withered plants (D:10)
150 creatures vanquished.

Grand Total: 2548 creatures vanquished

Notes
Turn   | Place    | Note
-------+----------+-------------------------------------------
     0 | D:1      | ragingrage the Hill Orc Fighter began the quest for the
                  | Orb.
     0 | D:1      | Reached XP level 1. HP: 19/19 MP: 1/1
   266 | D:1      | Reached XP level 2. HP: 26/26 MP: 2/2
   918 | D:2      | Reached XP level 3. HP: 31/31 MP: 3/3
  1028 | D:2      | Found a faded altar of an unknown god.
  1536 | D:2      | Reached skill level 5 in Axes
  1652 | D:2      | Reached skill level 1 in Stealth
  1652 | D:2      | Reached XP level 4. HP: 26/39 MP: 4/4
  1706 | D:3      | Noticed Ijyb
  1723 | D:2      | Killed Ijyb
  2337 | D:3      | Reached XP level 5. HP: 27/45 MP: 5/5
  3038 | D:4      | Noticed a black bear
  3201 | D:4      | Killed a black bear
  3202 | D:4      | Reached XP level 6. HP: 48/51 MP: 6/6
  3292 | D:4      | You fall into a shaft and drop 1 floor!
  3292 | D:5      | Entered Level 5 of the Dungeon
  3322 | D:5      | Noticed an ice beast
  3328 | D:5      | Killed an ice beast
  3338 | D:5      | Reached XP level 7. HP: 57/57 MP: 7/7
  3537 | D:6      | Reached skill level 10 in Axes
  3635 | D:5      | Found a staircase to the Ecumenical Temple.
  3639 | D:5      | Noticed Sigmund
  3644 | Temple   | Entered the Ecumenical Temple
  3644 | Temple   | Found a transporter.
  3644 | Temple   | Found a transporter.
  3646 | Temple   | Found a transporter.
  3646 | Temple   | Found a transporter.
  3670 | Temple   | Became a worshipper of Elyvilon the Healer
  3807 | D:5      | Killed Sigmund
  3808 | D:5      | Reached XP level 8. HP: 58/64 MP: 8/8
  4396 | D:6      | Reached * piety under Elyvilon
  4568 | D:6      | Found Askadi's Distillery.
  4576 | D:6      | Bought a potion of heal wounds for 60 gold pieces
  4576 | D:6      | Bought a potion of lignification for 36 gold pieces
  4756 | D:6      | Found a transporter.
  4765 | D:6      | Noticed NinjaNoafa's ghost (novice MfGl)
  4765 | D:6      | Noticed a two-headed ogre
  4766 | D:6      | Found a transporter.
  4829 | D:6      | Noticed Duvessa
  4829 | D:6      | Noticed Dowan
  4857 | D:6      | Killed Duvessa
  4863 | D:6      | Killed Dowan
  4977 | D:6      | Reached XP level 9. HP: 62/70 MP: 9/9
  5056 | D:6      | Noticed Menkaure
  5076 | D:6      | Killed Menkaure
  5176 | D:6      | Reached ** piety under Elyvilon
  5268 | D:6      | Reached skill level 15 in Axes
  5536 | D:6      | Reached skill level 1 in Invocations
  5753 | D:7      | Found a sparkling altar of Nemelex Xobeh.
  5777 | D:6      | Reached skill level 2 in Invocations
  5872 | D:7      | Reached skill level 3 in Invocations
  6053 | D:7      | Noticed a gargoyle
  6741 | D:4      | Reached skill level 4 in Invocations
  7177 | D:3      | Reached skill level 5 in Invocations
  7605 | D:7      | Reached skill level 6 in Invocations
  7790 | D:7      | Reached XP level 10. HP: 72/77 MP: 14/14
  7877 | D:7      | Found an ancient bone altar of Kikubaaqudgha.
  7982 | D:7      | Reached skill level 7 in Invocations
  8402 | D:8      | Found Xodod's Elemental Accessories.
  8543 | D:8      | Reached *** piety under Elyvilon
  8697 | D:8      | Reached skill level 8 in Invocations
  9196 | D:8      | HP: 2/77 [yak (8)]
  9201 | D:8      | Reached skill level 9 in Invocations
  9442 | D:8      | Found a staircase to the Lair.
  9729 | D:8      | Found a roughly hewn altar of Beogh.
  9837 | D:9      | Found an opulent altar of Gozag.
  9948 | D:9      | Noticed Psyche
  9951 | D:9      | Pacified Psyche
 10026 | D:9      | Noticed a two-headed ogre
 10037 | D:9      | Killed a two-headed ogre
 10038 | D:9      | Reached XP level 11. HP: 68/82 MP: 17/17
 10455 | D:9      | Found Notoq's Jewellery Boutique.
 10521 | D:9      | Found a shadowy altar of Dithmenos.
 10522 | D:9      | Found a hazy altar of Hepliaklqana.
 10562 | D:10     | Entered Level 10 of the Dungeon
 10584 | D:10     | Noticed a manticore
 10711 | D:10     | Pacified a manticore
 11057 | D:10     | Found a portal to a secret trove of treasure.
 11401 | Lair:1   | Entered Level 1 of the Lair of Beasts
 11538 | Lair:1   | Reached **** piety under Elyvilon
 11859 | Lair:1   | Reached skill level 1 in Evocations
 11985 | Lair:1   | Reached skill level 1 in Throwing
 11989 | Lair:1   | Reached skill level 1 in Dodging
 13186 | Lair:2   | Found a hole to the Spider Nest.
 13431 | Lair:2   | Noticed a five-headed hydra
 13432 | Lair:2   | Pacified a five-headed hydra
 13433 | Lair:2   | Reached XP level 12. HP: 91/93 MP: 16/19
 13527 | Lair:2   | Reached skill level 5 in Fighting
 14151 | Lair:3   | Reached skill level 5 in Armour
 14304 | Lair:3   | Noticed a catoblepas
 14305 | Lair:3   | Pacified a catoblepas
 14306 | Lair:3   | Reached skill level 10 in Invocations
 14852 | Lair:3   | Found a staircase to the Swamp.
 15880 | Lair:4   | Noticed a death yak
 15896 | Lair:4   | Noticed a death yak
 15901 | Lair:4   | Killed a death yak
 15902 | Lair:4   | Pacified a death yak
 15903 | Lair:4   | Reached XP level 13. HP: 79/104 MP: 18/21
 16200 | Lair:4   | Reached skill level 11 in Invocations
 16249 | Lair:4   | Reached skill level 5 in Stealth
 16318 | Lair:4   | Found a staircase to the Slime Pits.
 16943 | Lair:5   | Entered Level 5 of the Lair of Beasts
 16943 | Lair:5   | Reached ***** piety under Elyvilon
 16946 | Lair:5   | Reached skill level 5 in Evocations
 17916 | Lair:5   | Reached skill level 5 in Throwing
 18929 | Lair:5   | Reached skill level 12 in Invocations
 18934 | Lair:5   | Reached skill level 5 in Dodging
 19445 | D:10     | Found a stormy altar of Qazlal.
 19459 | D:10     | Found a snail-covered altar of Cheibriados.
 19498 | D:10     | Found a staircase to the Orcish Mines.
 19643 | D:10     | Found a runed translucent gate.
 19655 | D:10     | Found a runed translucent gate.
 19655 | D:10     | Found a runed translucent gate.
 19657 | D:10     | Noticed Sylvie's ghost (novice HOFi)
 19697 | D:10     | Found Fiumiux's General Store.
 19717 | D:10     | Bought a scroll of teleportation for 48 gold pieces
 19765 | D:10     | Noticed demibob's ghost (journeyman HOFi)
 19869 | D:11     | Noticed Amaemon
 19921 | D:11     | Killed Amaemon
 19922 | D:11     | Reached XP level 14. HP: 111/116 MP: 23/23
 20508 | D:11     | Noticed Urug
 20525 | D:11     | Killed Urug
 21385 | D:12     | Found a gate leading to a gauntlet.
 21415 | Gauntlet | Entered a Gauntlet
 21415 | Gauntlet | Found a transporter.
 21415 | Gauntlet | Found a transporter.
 21427 | Gauntlet | Found a transporter.
 21445 | Gauntlet | Found a transporter.
 21445 | Gauntlet | Found a transporter.
 21445 | Gauntlet | Found a transporter.
 21447 | Gauntlet | Found a transporter.
 21447 | Gauntlet | Found a transporter.
 21463 | Gauntlet | Found a transporter.
 21468 | Gauntlet | Found a runed translucent door.
 21474 | Gauntlet | Found a runed translucent door.
 21475 | Gauntlet | Found a transporter.
 21476 | Gauntlet | Found a runed translucent door.
 21485 | Gauntlet | Found a transporter.
 21500 | Gauntlet | Found a transporter.
 21521 | Gauntlet | Found a transporter.
 21523 | Gauntlet | Found a runed translucent gate.
 21523 | Gauntlet | Found a runed translucent gate.
 21523 | Gauntlet | Found a runed translucent gate.
 21534 | Gauntlet | Found a transporter.
 21617 | Gauntlet | Reached skill level 10 in Fighting
 21632 | Gauntlet | Identified the +1 hat of Xipn {rF++ Int+3 Dex-5 SInv}
 21799 | Gauntlet | Identified the ring "Conulesi" {Drain rPois rF+ Dex+6
                  | Stlth+}
 21818 | Gauntlet | Identified the ring "Rots" {Fly MP+9 Int+4 Dex-5 SInv}
 21839 | Gauntlet | Got the Anthology of Permutations
 22175 | D:12     | Noticed Frances
 22327 | Orc:1    | Entered Level 1 of the Orcish Mines
 22355 | Orc:1    | Reached skill level 10 in Armour
 22891 | Orc:2    | Entered Level 2 of the Orcish Mines
 22891 | Orc:2    | Found a staircase to the Elven Halls.
 23557 | Orc:2    | Reached XP level 15. HP: 75/134 MP: 15/24
 23798 | Orc:2    | Found Veuf's General Store.
 23798 | Orc:2    | Found Vuxe's Antique Weapon Emporium.
 23798 | Orc:2    | Found Esoathea's Assorted Antiques.
 23798 | Orc:2    | Found Paofotreuji's Distillery.
 23841 | Orc:2    | Bought a +1 pair of gloves of stealth for 214 gold pieces
 23852 | Orc:2    | Bought the +8 chain mail of Panentheism {Str+4 Int-5} for
                  | 642 gold pieces
 24576 | D:13     | Noticed Sonja
 24612 | D:13     | Killed Sonja
 24748 | D:13     | Identified the +3 leather armour of Beogh's Grace {Str+3
                  | Dex+2}
 25257 | D:13     | Reached skill level 10 in Dodging
 25537 | D:13     | Noticed Rupert
 25545 | D:13     | Killed Rupert
 25909 | D:14     | Noticed Azrael
 25927 | D:14     | Killed Azrael
 26404 | D:14     | Reached skill level 15 in Fighting
 26473 | D:14     | Found a gate to the Vaults.
 26773 | D:15     | Entered Level 15 of the Dungeon
 27053 | Swamp:1  | Entered Level 1 of the Swamp
 27578 | Swamp:1  | Noticed a tentacled monstrosity
 27602 | Swamp:1  | Killed a tentacled monstrosity
 27603 | Swamp:1  | Reached XP level 16. HP: 149/149 MP: 25/25
 27975 | Orc:2    | Bought the +3 greatsling "Punk" {acid, rCorr} for 1064 gold
                  | pieces
 27975 | Orc:2    | Found the +3 greatsling "Punk" {acid, rCorr}
 28299 | Swamp:1  | Reached skill level 13 in Invocations
 28328 | Swamp:1  | Reached skill level 1 in Ranged Weapons
 29091 | Swamp:2  | Noticed a thorn hunter
 29098 | Swamp:2  | Pacified a thorn hunter
 29470 | Swamp:2  | Noticed Mlioglotl
 30185 | Swamp:3  | Reached skill level 14 in Invocations
 31445 | Swamp:4  | Entered Level 4 of the Swamp
 31574 | Swamp:4  | Noticed a fenstrider witch
 31580 | Swamp:4  | Killed a fenstrider witch
 31889 | Swamp:4  | Noticed the 27-headed Lernaean hydra
 31890 | Swamp:4  | Pacified the 27-headed Lernaean hydra
 31891 | Swamp:4  | Reached skill level 5 in Ranged Weapons
 31917 | Swamp:4  | Reached XP level 17. HP: 142/161 MP: 26/28
 32072 | Swamp:4  | Reached skill level 15 in Invocations
 32138 | Swamp:4  | Got a decaying rune of Zot
 32913 | Spider:1 | Entered Level 1 of the Spider Nest
 33270 | Spider:1 | Found a transporter.
 33271 | Spider:1 | Found a transporter.
 33488 | Spider:1 | Got the +3 pair of boots "Yxtiar" {Contam rPois Will++
                  | Regen+ SInv}
 33796 | Spider:2 | Identified the +6 long sword of a ziggurat {freeze, Drain
                  | rElec Str-3 Int+6}
 34103 | Spider:2 | Noticed Jorgrun
 34121 | Spider:2 | Reached skill level 16 in Invocations
 34125 | Spider:2 | Killed Jorgrun
 34519 | Spider:3 | Found a transporter.
 34593 | Spider:3 | Found a transporter.
 35559 | Spider:4 | Entered Level 4 of the Spider Nest
 35609 | Spider:4 | Reached skill level 17 in Invocations
 35698 | Spider:4 | Reached XP level 18. HP: 169/172 MP: 1/30
 36578 | Spider:4 | Reached skill level 18 in Invocations
 37010 | Spider:4 | Got a gossamer rune of Zot
 37201 | Spider:4 | Reached skill level 19 in Invocations
 37896 | Elf:1    | Entered Level 1 of the Elven Halls
 38194 | Elf:1    | Found Aczoc's Assorted Antiques.
 38207 | Elf:1    | Bought a scroll of fear for 88 gold pieces
 38609 | Vaults:1 | Entered Level 1 of the Vaults
 38663 | Vaults:1 | Reached skill level 20 in Invocations
 38857 | Vaults:1 | Reached skill level 21 in Invocations
 39019 | Vaults:1 | Found Gyri's Book Shoppe.
 39290 | Vaults:1 | Reached XP level 19. HP: 174/179 MP: 31/33
 39940 | Vaults:2 | Found a crumbling gateway.
 39962 | Vaults:2 | Found Qoda's Jewellery Shoppe.
 39973 | Vaults:2 | Bought the ring "Reofinuh" {Fly rPois rC- rN++} for 418
                  | gold pieces
 39990 | Desolati | Entered the Desolation of Salt
 40116 | Desolati | Reached skill level 10 in Evocations
 40310 | Desolati | Identified the ring "Daterph" {rPois rCorr Int+6}
 40406 | Desolati | Got Hiuw's Commentary on Topomancy
 40810 | Desolati | Identified the +4 chain mail of Atheism {Contam Fly Dex+5
                  | SInv}
 40821 | Desolati | Got Lugrypn's Information on the Morbid Maleficium
 40880 | Desolati | Identified the ring of the Thoughtful Knives {Fly rF+ rN+
                  | Int+3}
 41878 | Vaults:2 | Reached XP level 20. HP: 169/189 MP: 30/34
 42058 | Vaults:2 | Identified the +3 ring mail "Ibuciuch" {rN++}
 42136 | Vaults:2 | Reached skill level 15 in Armour
 42611 | Vaults:3 | Found a staircase to the Crypt.
 42611 | Vaults:3 | Found a basalt altar of Yredelemnul.
 42611 | Vaults:3 | Found an ancient bone altar of Kikubaaqudgha.
 42762 | Vaults:3 | Found Riunagen's Antique Armour Shoppe.
 42924 | Vaults:3 | Found Jeotsimu's General Store.
 43455 | Vaults:3 | Found Buss's Antique Armour Emporium.
 43541 | Vaults:3 | Bought a pitted chain mail for 418 gold pieces
 43541 | Vaults:3 | Identified the +1 chain mail of Noughts and Crosses {rN+
                  | Will+++ Regen+ Str-2} (You bought it in a shop on level 3
                  | of the Vaults)
 43750 | Vaults:3 | Found Yplaosh's Magic Scroll Shop.
 44026 | Vaults:4 | Reached ****** piety under Elyvilon
 44690 | Vaults:4 | Noticed Saint Roka
 44712 | Vaults:4 | Killed Saint Roka
 45294 | D:15     | Found a white marble altar of Elyvilon.
 45496 | D:15     | Found a staircase to the Depths.
 45710 | D:15     | Reached XP level 21. HP: 186/201 MP: 32/35
 45956 | D:15     | Identified Roxanne's Verses on Metamorphosis
 45956 | D:15     | Noticed Roxanne
 45982 | D:15     | Killed Roxanne
 46592 | Depths:1 | Entered Level 1 of the Depths
 46935 | Depths:1 | Identified the +8 glaive of Etuaxzomy {heavy, +Blink rElec
                  | rC- Will-}
 46976 | Depths:1 | Noticed Nikola
 46991 | Depths:1 | Killed Nikola
 47117 | Depths:1 | Reached skill level 10 in Throwing
 47138 | Depths:1 | Found a gateway to Hell.
 47317 | Depths:1 | Noticed Sojobo
 47323 | Depths:1 | Pacified Sojobo
 47919 | Depths:1 | Found a sacrificial altar of Ru.
 48150 | Depths:2 | Found a one-way gate leading to the halls of Pandemonium.
 48193 | Depths:2 | Noticed a golden dragon
 48202 | Depths:2 | Killed a golden dragon
 48322 | Depths:2 | Found a one-way gate to the infinite horrors of the Abyss.
 48329 | Depths:2 | Noticed a golden dragon
 48348 | Depths:2 | Killed a golden dragon
 48916 | Depths:2 | Found Big Baal Hell's Store.
 49204 | Depths:2 | Found a one-way gateway to a ziggurat.
 49831 | D:12     | Killed Frances
 50192 | D:10     | You paid a toll of +3 ice dragon scales to enter a treasure
                  | trove
 50193 | Trove    | Entered a treasure trove
 50195 | Trove    | Found a bloodstained altar of Trog.
 50217 | Trove    | Identified the +2 triple sword "Kamoruat" {venom, rElec}
 50225 | Trove    | Identified the +6 executioner's axe "Tawuak" {holy, Contam
                  | *Corrode rN+++ Str+4}
 50230 | Trove    | Identified the +3 great sword "Ogrebane" {spect, rPois
                  | Str+3 SInv}
 50233 | Trove    | Identified the +1 sling of Raomaell {drain, Stlth+}
 50234 | Trove    | Identified the +2 morningstar of Checkmate {pain, *Rage
                  | Str+2 Int+2}
 50252 | Trove    | Identified the +5 executioner's axe of the Original Sin
                  | {freeze, MP+9 Str+5 Int+2 Dex-2}
 50386 | D:6      | Killed NinjaNoafa's ghost
 50712 | D:10     | Killed demibob's ghost
 50714 | D:10     | Killed Sylvie's ghost
 51737 | Lair:5   | Found a corrupted altar of Lugonu.
 52590 | Depths:3 | Noticed Margery
 52983 | Depths:2 | Reached XP level 22. HP: 178/209 MP: 30/36
 53107 | Depths:3 | Identified the +8 whip "Puges" {pain, Str+3 Dex+2 SInv}
 53520 | Depths:2 | Killed Margery
 54168 | Depths:3 | Found a runed translucent door.
 54171 | Depths:3 | Found a radiant altar of Vehumet.
 54171 | Depths:3 | Noticed an ancient lich
 54239 | Depths:3 | Found a gateway to a bazaar.
 54570 | Depths:4 | Entered Level 4 of the Depths
 55129 | Depths:4 | Identified the +0 quarterstaff of Red Wine {distort, rF+
                  | Int+3}
 55137 | Depths:4 | Paralysed by a floating eye for 4 turns
 55206 | Depths:4 | Found Naserat's General Store.
 55365 | Depths:4 | Found Piri's Antique Armour Emporium.
 55700 | Depths:4 | Found Sempyih's General Store.
 55708 | Depths:4 | Bought a scroll of blinking for 150 gold pieces
 55721 | Depths:4 | Got the Commentary on the Dislocated Comitatus
 55728 | Depths:4 | Noticed Louise
 55738 | Depths:4 | Killed Louise
 55774 | Depths:4 | Found an opulent altar of Gozag.
 56168 | Depths:4 | Found a gate to the Realm of Zot.
 56798 | Slime:1  | Entered Level 1 of the Pits of Slime
 56814 | Slime:1  | Reached skill level 22 in Invocations
 57900 | Slime:4  | Reached XP level 23. HP: 156/215 MP: 34/38
 57902 | Slime:4  | Reached skill level 23 in Invocations
 58329 | Slime:4  | Gained mutation: Your spells are a little harder to cast,
                  | but a little more powerful. [a shining eye]
 58659 | Slime:5  | Entered Level 5 of the Pits of Slime
 60503 | Slime:5  | Found a viscous altar of Jiyva.
 60505 | Slime:5  | Noticed the Royal Jelly
 60521 | Slime:5  | Killed the Royal Jelly
 60540 | Slime:5  | Found the +1 robe of Vines {NoPotionHeal Regen++++}
 60584 | Slime:5  | Identified the +0 short sword "Jehe" {venom, rF+ rC- rN+}
 60611 | Slime:5  | Identified the amulet "Ufitad" {Acrobat rElec rF+ Str+2
                  | Int+3}
 60627 | Slime:5  | Got a slimy rune of Zot
 60630 | Slime:5  | Identified the amulet of Dishonesty {Acrobat rF+ rC+ Will+}
 60709 | Slime:5  | Identified the +2 robe of the Iron Devil {+Blink Will+}
 61031 | Elf:1    | Reached skill level 15 in Throwing
 61081 | Elf:1    | Paralysed by an air elemental for 1 turns
 61732 | Elf:2    | Found Hock's Book Shop.
 61761 | Elf:2    | Found a runed translucent door.
 61761 | Elf:2    | Noticed Yakesh's ghost (adept MiFi)
 61827 | Elf:2    | Found a frozen archway.
 61862 | IceCv    | Entered an ice cave
 62192 | IceCv    | Noticed a golden dragon
 62220 | IceCv    | Killed a golden dragon
 62375 | IceCv    | Identified the ring "Lioxievi" {Int+3 Slay+4}
 62803 | Elf:2    | Killed Yakesh's ghost
 62804 | Elf:2    | Reached skill level 24 in Invocations
 62867 | Elf:2    | Noticed Aizul
 62887 | Elf:2    | Killed Aizul
 63208 | Elf:2    | Found a runed translucent gate.
 63209 | Elf:2    | Found a runed translucent gate.
 63210 | Elf:2    | Found a runed translucent gate.
 63384 | Elf:2    | Reached skill level 25 in Invocations
 63545 | Elf:3    | Entered Level 3 of the Elven Halls
 63557 | Elf:3    | Paralysed by an air elemental for 1 turns
 63705 | Elf:3    | Found Myosueco's Distillery.
 63709 | Elf:3    | Found Alool's Distillery.
 63709 | Elf:3    | Found Luophal's Armour Boutique.
 63719 | Elf:3    | Bought a potion of haste for 200 gold pieces
 63845 | Elf:3    | Reached skill level 26 in Invocations
 64083 | Elf:3    | Reached XP level 24. HP: 183/224 MP: 13/40
 64188 | Elf:3    | Paralysed by an air elemental for 1 turns
 64299 | Elf:3    | Reached skill level 27 in Invocations
 64309 | Elf:3    | Identified the +5 ring mail "Xiankaev" {Drain rC+ Int+4}
 64334 | Elf:3    | Identified the +3 plate armour of Bedevilment {Will+}
 64488 | Elf:3    | Found Awamifopt's Weapon Emporium.
 64671 | Elf:3    | Identified the +0 robe of Woqyfucs {+Inv rPois Str-2 Dex+3}
 64682 | Elf:3    | Identified the +0 leather armour of Sif Muna's Envy {Dex+6}
 64683 | Elf:3    | Identified the +3 trident of Excruciating Pain {flame,
                  | Will+++ Str+5 Int+2 Stlth-}
 65578 | Elf:3    | Identified the +1 triple crossbow "Sasud" {heavy, *Slow rN+
                  | Will+ Str+2}
 65645 | Elf:3    | Got the Almanac of Blazing Ceraunoscopy
 65652 | Elf:3    | Identified the +3 ring mail of Nirrowodd {Str+3 Int+3}
 66157 | Bazaar   | Entered a bazaar
 66177 | Bazaar   | Found Xiuru's Distillery.
 66182 | Bazaar   | Bought a potion of curing for 39 gold pieces
 66182 | Bazaar   | Bought a potion of haste for 130 gold pieces
 66182 | Bazaar   | Bought 2 potions of invisibility for 208 gold pieces
 66182 | Bazaar   | Bought a potion of mutation for 104 gold pieces
 66193 | Bazaar   | Found Jafigi's Antique Weapon Emporium.
 66198 | Bazaar   | Bought an ichor-stained battleaxe for 253 gold pieces
 66198 | Bazaar   | Identified the +5 battleaxe "Jellybane" {heavy, Drain Fly
                  | rC+ Str+2} (You bought it in a shop in a bazaar)
 66209 | Bazaar   | Found Vonun's General Store.
 66214 | Bazaar   | Bought a potion of invisibility for 120 gold pieces
 66214 | Bazaar   | Bought a wand of roots (4) for 144 gold pieces
 66225 | Bazaar   | Found Dusiok's Distillery.
 66230 | Bazaar   | Bought a potion of heal wounds for 40 gold pieces
 66230 | Bazaar   | Bought a potion of might for 32 gold pieces
 66230 | Bazaar   | Bought a potion of heal wounds for 40 gold pieces
 66230 | Bazaar   | Bought a potion of cancellation for 64 gold pieces
 66230 | Bazaar   | Bought a potion of heal wounds for 40 gold pieces
 66230 | Bazaar   | Bought a potion of might for 32 gold pieces
 66311 | Depths:3 | Killed an ancient lich
 66329 | Depths:3 | Got the Quarto of Striking
 66828 | Zot:1    | Entered Level 1 of the Realm of Zot
 68442 | Depths:4 | Bought the ring "Usux" {rN+ Dex+6} for 944 gold pieces
 68442 | Depths:4 | Bought a potion of heal wounds for 100 gold pieces
 68655 | Vaults:5 | Entered Level 5 of the Vaults
 68927 | Vaults:5 | Identified the +2 falchion "Bytoywnouv" {vamp, Int+5
                  | Stlth-}
 69033 | Vaults:5 | Reached XP level 25. HP: 288/334 MP: 60/60
 69525 | Vaults:5 | Got the Folio of Wyrd
 69852 | Vaults:5 | Got Qiohaos's Anthology of Maledictive Companions
 70229 | Vaults:5 | Got a silver rune of Zot
 70350 | Vaults:5 | Reached skill level 15 in Evocations
 71311 | Zot:2    | Noticed a dread lich
 71327 | Zot:2    | Killed a dread lich
 71694 | Zot:2    | Noticed a dread lich
 71714 | Zot:2    | Killed a dread lich
 72944 | Zot:3    | Reached XP level 26. HP: 126/251 MP: 0/40
 73537 | Zot:3    | Noticed an orb of fire
 73537 | Zot:3    | Gained mutation: You are dopey. (Int -2) [an orb of fire]
 73538 | Zot:3    | Gained mutation: You sometimes lose your temper in combat.
                  | [an orb of fire]
 73548 | Zot:3    | Killed an orb of fire
 73550 | Zot:3    | Lost mutation: Your spells are a little harder to cast, but
                  | a little more powerful. [potion of mutation]
 73550 | Zot:3    | Lost mutation: You sometimes lose your temper in combat.
                  | [potion of mutation]
 73550 | Zot:3    | Lost mutation: You are dopey. (Int -2) [potion of mutation]
 73550 | Zot:3    | Gained mutation: You are agile. (Dex +4, Str/Int -1)
                  | [potion of mutation]
 73550 | Zot:3    | Gained mutation: You are robust. (+10% HP) [potion of
                  | mutation]
 75451 | Zot:5    | Entered Level 5 of the Realm of Zot
 75457 | Zot:5    | Noticed an orb of fire
 75542 | Zot:5    | Found an ancient bone altar of Kikubaaqudgha.
 75544 | Zot:5    | Found a runed translucent gate.
 75544 | Zot:5    | Found a runed translucent gate.
 75544 | Zot:5    | Found a runed translucent gate.
 75546 | Zot:5    | Noticed an ancient lich
 75546 | Zot:5    | Noticed an ancient lich
 75676 | Zot:5    | Gained mutation: Your body sometimes deteriorates upon
                  | taking damage. [an orb of fire]
 75685 | Zot:5    | Killed an orb of fire
 75912 | Zot:5    | Noticed ASSMAN's ghost (legendary DsTm)
 75912 | Zot:5    | Noticed a dread lich
 75913 | Zot:5    | Noticed a dread lich
 76220 | Zot:5    | Noticed an ancient lich
 76222 | Zot:5    | Pacified an ancient lich
 76228 | Zot:5    | Noticed an orb of fire
 76246 | Zot:5    | Killed an orb of fire
 76409 | Zot:5    | Noticed a Killer Klown
 76411 | Zot:5    | Pacified a Killer Klown
 76411 | Zot:5    | Noticed a dread lich
 76427 | Zot:5    | Killed a dread lich
 76443 | Zot:5    | Noticed an orb of fire
 76455 | Zot:5    | Gained mutation: You occasionally lose the ability to read
                  | scrolls when taking damage. [an orb of fire]
 76463 | Zot:5    | Killed an orb of fire
 76464 | Zot:5    | Reached XP level 27. HP: 256/292 MP: 11/40
 76521 | Zot:5    | Noticed an orb of fire
 76528 | Zot:5    | Killed an orb of fire
 77007 | Zot:5    | Noticed an orb of fire
 77007 | Zot:5    | Lost mutation: You are agile. (Dex +4, Str/Int -1) [an orb
                  | of fire]
 77023 | Zot:5    | Gained mutation: Your body often deteriorates upon taking
                  | damage. [an orb of fire]
 77040 | Zot:5    | Killed an orb of fire
 77159 | Zot:5    | Noticed an orb of fire
 77175 | Zot:5    | Lost mutation: You are robust. (+10% HP) [an orb of fire]
 77189 | Zot:4    | Killed an orb of fire
 77329 | Zot:5    | Killed an ancient lich
 77329 | Zot:5    | Killed an ancient lich
 77333 | Zot:5    | Killed a dread lich
 77339 | Zot:5    | Killed a dread lich
 77349 | Zot:5    | Killed ASSMAN's ghost
 77358 | Zot:5    | Identified the +0 pair of boots of Hedge Wizardry {Str+6
                  | Int-4}
 77362 | Zot:5    | Identified the ring of Lesser Demons {rF- rC+ Str+2 Dex+6}
 77923 | Zot:5    | Noticed a dread lich
 77931 | Zot:5    | Noticed an orb of fire
 77947 | Zot:5    | Noticed an orb of fire
 77954 | Zot:5    | Killed a dread lich
 77955 | Zot:5    | Gained mutation: You are clumsy. (Dex -2) [an orb of fire]
 77964 | Zot:5    | Killed an orb of fire
 77995 | Zot:5    | Lost mutation: You are clumsy. (Dex -2) [potion of
                  | mutation]
 77995 | Zot:5    | Lost mutation: Your body often deteriorates upon taking
                  | damage. [potion of mutation]
 77995 | Zot:5    | Gained mutation: You are clumsy. (Dex -2) [potion of
                  | mutation]
 77995 | Zot:5    | Gained mutation: Your magical capacity is low. (-10% MP)
                  | [potion of mutation]
 77995 | Zot:5    | Gained mutation: You are robust. (+10% HP) [potion of
                  | mutation]
 77995 | Zot:5    | Gained mutation: Your spells are a little harder to cast,
                  | but a little more powerful. [potion of mutation]
 77996 | Zot:5    | Lost mutation: You are clumsy. (Dex -2) [potion of
                  | mutation]
 77996 | Zot:5    | Lost mutation: Your spells are a little harder to cast, but
                  | a little more powerful. [potion of mutation]
 77996 | Zot:5    | Lost mutation: Your magical capacity is low. (-10% MP)
                  | [potion of mutation]
 77996 | Zot:5    | Gained mutation: Your mind is acute. (Int +4, Str/Dex -1)
                  | [potion of mutation]
 77996 | Zot:5    | Gained mutation: You are very robust. (+20% HP) [potion of
                  | mutation]
 77997 | Zot:5    | Lost mutation: Your body sometimes deteriorates upon taking
                  | damage. [potion of mutation]
 77997 | Zot:5    | Lost mutation: You are very robust. (+20% HP) [potion of
                  | mutation]
 77997 | Zot:5    | Gained mutation: You have sharp fingernails. [potion of
                  | mutation]
 77997 | Zot:5    | Gained mutation: You passively map a small area around you.
                  | [potion of mutation]
 77998 | Zot:5    | Lost mutation: You passively map a small area around you.
                  | [potion of mutation]
 77998 | Zot:5    | Lost mutation: You are robust. (+10% HP) [potion of
                  | mutation]
 77998 | Zot:5    | Lost mutation: You have sharp fingernails. [potion of
                  | mutation]
 77998 | Zot:5    | Gained mutation: You are robust. (+10% HP) [potion of
                  | mutation]
 77998 | Zot:5    | Gained mutation: You passively dampen the noise of your
                  | surroundings. [potion of mutation]
 77999 | Zot:5    | Lost mutation: You passively dampen the noise of your
                  | surroundings. [potion of mutation]
 77999 | Zot:5    | Lost mutation: You occasionally lose the ability to read
                  | scrolls when taking damage. [potion of mutation]
 77999 | Zot:5    | Lost mutation: You are robust. (+10% HP) [potion of
                  | mutation]
 77999 | Zot:5    | Gained mutation: You have hidden genetic defects. [potion
                  | of mutation]
 78000 | Zot:5    | Lost mutation: Your mind is acute. (Int +4, Str/Dex -1)
                  | [potion of mutation]
 78000 | Zot:5    | Lost mutation: You have hidden genetic defects. [potion of
                  | mutation]
 78000 | Zot:5    | Gained mutation: You expend magic power (3 MP) to
                  | strengthen your wands. [potion of mutation]
 78000 | Zot:5    | Gained mutation: A frigid envelope surrounds you and
                  | freezes all who hurt you. [potion of mutation]
 78000 | Zot:5    | Gained mutation: You are somewhat resistant to further
                  | mutation. [potion of mutation]
 78018 | Zot:5    | Noticed a dread lich
 78025 | Zot:5    | Gained mutation: Your magical capacity is low. (-10% MP)
                  | [an orb of fire]
 78034 | Zot:5    | Killed a dread lich
 78038 | Zot:5    | Killed an orb of fire
 78240 | Zot:4    | Reached skill level 10 in Stealth
 79021 | Zot:5    | Noticed an orb of fire
 79325 | Zot:5    | Gained mutation: You are resistant to electric shocks.
                  | (rElec) [an orb of fire]
 79330 | Zot:5    | Killed an orb of fire
 82459 | Crypt:1  | Entered Level 1 of the Crypt
 83376 | Crypt:1  | Found the +6 Majin-Bo {spellvamp, MP+6 Int+6}
 84127 | Crypt:3  | Entered Level 3 of the Crypt
 84310 | Crypt:3  | Found a staircase to the Tomb.
 84604 | Crypt:3  | Identified the +7 lajatang of the Gnat {pain, rN+ MP+9}
 84636 | Crypt:3  | Identified the ring "Ukhog Zueguc" {Ice Int+3}
 84636 | Crypt:3  | Noticed Josephina
 84656 | Crypt:3  | Killed Josephina
 84863 | Crypt:3  | Noticed a royal mummy
 84877 | Crypt:3  | Killed a royal mummy
 85000 | Crypt:3  | Found the +7 sceptre of Torment {pain, torment}
 85859 | Crypt:3  | Identified the +6 flail "Ultimatum" {drain, Contam rPois
                  | Str+2 Dex+4}
 85882 | Crypt:3  | Identified the +5 whip "Zinolush" {venom, rN+}
 85885 | Crypt:3  | Identified the +2 morningstar of Jelox {heavy, Fly rF+}
 85896 | Crypt:3  | Identified the +3 whip "Nach" {drain, rC+ SInv}
 86370 | Zot:5    | Got the Orb of Zot
 86785 | D:10     | Noticed Osmiboeph the pandemonium lord
 87039 | D:$      | Escaped with the Orb!

Illustrated notes

Levels and vault maps discovered:
D:1:      dpeg_arrival_concentric_ovals, layout_loops_cross
D:2:      minmay_roachtagon, layout_basic, basic_ecumenical_altar,
          minmay_ruptured
D:3:      kb_forest_paths, layout_loops_ring, nicolae_grassy_gnolls, uniq_ijyb
D:4:      cheibrodos_pilgrimage, layout_layer_cave
D:5:      layout_gridville, temple_statues, uniq_sigmund
D:6:      layout_basic, serial_shops, shop, gammafunk_ghost_smash,
          amcnicky_mini_pool_small, uniq_duvessa, uniq_menkaure
D:7:      layout_rooms, kennysheep_mini, kennysheep_vampire_church
D:8:      layout_gridville, lair_entry_dummy, special_room [special_room_orc],
          nicolae_elemental_shop
D:9:      nicolae_cairo_tiling_very_big, layout_rooms,
          riverfiend_overflow_shadow_ancestor, mainiacjoe_overflow_catwalk,
          serial_shops, nicolae_shop_temple_entry_statues_fountains, uniq_psyche
D:10:     layout_cave_pools, slow_altar_1, nicolae_qazlal_eye_of_the_storm,
          david_orc_2, enter_trove_1, serial_shops, nicolae_shop_waterfront,
          gammafunk_ghost_cemetery
D:11:     layout_stronghold, uniq_urug, uniq_amaemon
D:12:     cheibrodos_magma_flow, layout_basic, gauntlet_entry_generic,
          uniq_frances
D:13:     layout_basic, minmay_rotating_lava, uniq_rupert, uniq_sonja
D:14:     layout_irregular_city, david_vaults_4, hex_medium, uniq_azrael
D:15:     grunt_enter_depths_magical_seal, layout_layer_cave, elyvilon_altar_4,
          lemuel_freeze_loot_1, uniq_roxanne
Temple:   hellmonk_temple_divided_pantheon
Lair:1:   layout_regular_city, infiniplex_staircase_pool
Lair:2:   layout_roguey, spider_nest_entry_rubble
Lair:3:   layout_hall_layers, minmay_swamp_entry_worms, serial_bayou_pond_b,
          chequers_serial_rivers_large_b, chequers_serial_rivers_large_a
Lair:4:   layout_regular_city, slime_entry_1
Lair:5:   hellmonk_lair_end_abyssal_woods, layout_big_grid
Swamp:1:  cheibrodos_swamp_monstrosity, layout_basic_swamp,
          nicolae_swamp_oxbows, nicolae_swamp_feature_on_the_river_bank
Swamp:2:  layout_falls_marsh, nicolae_swamp_triple_paths, swamp_pool5,
          uniq_mlioglotl
Swamp:3:  layout_falls_marsh, evilmike_swamp_ruin_house_2,
          beargit_elvish_explorers
Swamp:4:  swamp_old_school, layout_basic_swamp
Spider:1: gammafunk_boulding_lane
Spider:2: layout_spider_delve, special_room [special_room_bee], uniq_jorgrun
Spider:3: gammafunk_sealed_arena
Spider:4: grunt_spider_rune_circles, nicolae_spider_orb_run
Slime:1:  layout_caves
Slime:2:  layout_caves
Slime:3:  layout_caves
Slime:4:  layout_caves
Slime:5
Orc:1:    layout_caves, nicolae_orc_flooded_monolith
Orc:2:    st_orc_ogre_mass, layout_diamond_mine, mines_bat_river
Elf:1:    eino_elf_arrival_customs, layout_gridlike, serial_shops,
          nicolae_shop_crystal, minivault_28
Elf:2:    nicolae_elf_blades_splatter_lattice [mumra_blade_entry_bloodbath],
          layout_onion_city, hellmonk_ghost_happy_afterlife,
          portal_ice_cave_entry_dragon, nicolae_stop_n_shop_2, uniq_aizul
Elf:3:    minmay_elf_hall_x, layout_geoelf_octagon, serial_shops,
          nicolae_shop_bloodbath_and_beyond, nicolae_wooded_promenade
Vaults:1: nicolae_vaults_windows_and_doors_thing, hangedman_vaults_pinch,
          vaults_dpeg_diagonal, ontoclasm_vaults_ligature, v_misc_22,
          hangedman_vaults_maws, nicolae_vaults_big_angled_halls,
          vaults_room_grunt_arrival_ludios, nicolae_vaults_little_squares_3,
          hangedman_vaults_maws, vaults_dpeg_emergency_exit, v_misc_5,
          ontoclasm_vaults_decontamination, layout_vaults_omnicross,
          serial_shops, nicolae_shop_temple_entry_statues_fountains
Vaults:2: portal_desolation_entry_garden, v_misc_10, hangedman_vaults_capsules,
          v_misc_33, hangedman_vaults_nodes, grunt_vaults_hallway_short,
          v_misc_30, hangedman_vaults_slither, nicolae_vaults_hallways_thing,
          vaults_room_door_ring, ontoclasm_vaults_claustrophobia,
          st_quartered_hall, ontoclasm_vaults_shuriken, v_misc_16,
          layout_vaults_maze_bifur, serial_shops, shop
Vaults:3: nicolae_vaults_big_ls, minmay_crypt_entry_necro_gods,
          grunt_vaults_trifunnel, nicolae_vaults_theta,
          ontoclasm_vaults_ring_large, ontoclasm_vaults_bender,
          nicolae_vaults_little_squares_1, v_misc_8, grunt_vaults_hallway_short,
          hangedman_vaults_impose, ontoclasm_vaults_misaligned, v_misc_8,
          vaults_room_door_ring, layout_vaults_ring, serial_shops, shop,
          nicolae_shop_trees, shop, shop
Vaults:4: vaults_standard_mumra_x, ontoclasm_vaults_fault, vaults_mumra_lcd,
          v_pattern_4, nicolae_vaults_big_angled_halls,
          nicolae_vaults_little_ls, v_misc_19, v_misc_32,
          nicolae_vaults_diagonal_hallway_8, layout_vaults_omnigrid,
          uniq_saint_roka
Vaults:5: serial_shops
Crypt:1:  minmay_guarded_unrand_majin_bo, layout_regular_city
Crypt:2:  layout_rooms, st_burial_chamber
Crypt:3:  due_elkab, layout_chaotic_city, tomb_entry_simple_bobbens,
          st_stairs_2, uniq_josephina
Depths:1: layout_basic, minmay_door_square, hell_entry,
          nicolae_ru_path_of_blood, uniq_sojobo, uniq_nikola
Depths:2: kennysheep_green_arena, layout_basic, enter_ziggurat_e,
          rand_demon_pan_entry_8, nicolae_hell_entry_big_baal_hell,
          minmay_misc_feat_four_crosses, abyss_entry, hangedman_decor_slide_cut
Depths:3: cheibrodos_birdhouse, layout_cave_pools, pf_dread_powers_of_hell,
          serial_shops, bzr_entry_dummy, abyss_entry,
          grunt_absolute_annihilation, uniq_margery
Depths:4: evilmike_zot_entry_hall, layout_basic,
          nicolae_abyss_entry_one_way_or_another, serial_shops,
          nicolae_shop_hallway_stairs, shop, nicolae_shop_trees,
          grunt_pan_entry_sceptre, hell_entry, grunt_gozag_breadcrumbs
Zot:1:    layout_cathedral_of_symmetry
Zot:2:    hangedman_snap_crack_crunch, layout_onion
Zot:3:    layout_twisted_circle, grunt_megastairs_2
Zot:4:    lemuel_acid_trip, layout_onion_interference, st_stairs_3
Zot:5:    layout_basic, gammafunk_ghost_crypt

Skill      XL: |  1  2  3  4  5  6  7  8  9 10 11 12 13 14 15 16 17 18 19 20 21 22 23 24 25 26 27 |
---------------+----------------------------------------------------------------------------------+-----
Axes           | 3 4 5 6 8 9 11 14 16 18 20 21 24 | 24.0
Stealth        | 1 2 3 4 6 7 8 12 | 12.0
Invocations    | 6 9 10 12 14 17 21 22 26 27 | 27.0
Fighting       | 4 6 8 12 15 17 18 20 21 23 25 26 | 26.0
Evocations     | 2 4 5 7 12 13 15 | 15.0
Throwing       | 2 4 5 6 8 13 16 17 | 17.2
Dodging        | 1 3 5 8 12 14 | 14.5
Armour         | 4 6 8 10 11 13 14 16 17 19 22 24 | 24.0
Ranged Weapons | 5 6 |  6.0
Shields        | |  3.2

Action                     |  1- 3 |  4- 6 |  7- 9 | 10-12 | 13-15 | 16-18 | 19-21 | 22-24 | 25-27 || total
---------------------------+-------+-------+-------+-------+-------+-------+-------+-------+-------++-------
  Melee: War axe           |   130 |   116 |   299 |       |     3 |    66 |       |       |       ||   614
         Hand axe          |       |       |    22 |   299 |       |       |       |       |       ||   321
         Battleaxe         |       |       |       |   330 |   773 |   878 |  1463 |   299 |       ||  3743
         Punch             |       |       |       |       |       |     1 |       |       |       ||     1
         Executioner's axe |       |       |       |       |       |       |       |  1031 |  1708 ||  2739
   Fire: Greatsling        |       |       |       |       |       |   281 |    51 |    17 |    31 ||   380
  Throw: Dart              |       |     4 |    10 |     6 |     2 |       |     1 |       |       ||    23
         Boomerang         |       |     6 |       |    16 |    13 |    17 |    40 |    75 |    91 ||   258
         Javelin           |       |       |       |       |       |       |     1 |    19 |     9 ||    29
 Invoke: Heal Other        |       |       |       |    19 |    26 |    39 |    29 |     9 |    15 ||   137
         Heal Self         |       |       |       |     1 |       |       |     1 |     2 |     3 ||     7
         Divine Vigour     |       |       |       |       |       |     1 |     1 |     4 |     1 ||     7
  Evoke: Wand              |       |       |       |     2 |     3 |     3 |     7 |       |       ||    15
         Tin of tremorston |       |       |       |       |       |     6 |     8 |    10 |     6 ||    30
         Phial of floods   |       |       |       |       |       |       |     1 |       |     1 ||     2
         Box of beasts     |       |       |       |       |       |       |       |     2 |     2 ||     4
    Use: Scroll            |       |       |    11 |    10 |     7 |     4 |     5 |    10 |    14 ||    61
         Potion            |       |       |       |     1 |     3 |     5 |       |    10 |    13 ||    32
   Stab: Sleeping          |       |       |       |       |     6 |     1 |     3 |     3 |       ||    13
         Distracted        |       |       |       |       |     1 |       |     1 |     5 |     1 ||     8
 Armour: Scale mail        |    52 |    74 |    26 |       |       |       |       |       |       ||   152
         Plate armour      |       |       |    79 |   174 |    40 |       |       |       |       ||   293
         Ring mail         |       |       |       |       |    58 |       |       |       |       ||    58
         Chain mail        |       |       |       |       |   139 |   658 |   712 |   231 |       ||  1740
         Ice dragon scales |       |       |       |       |       |       |       |   226 |       ||   226
         Crystal plate arm |       |       |       |       |       |       |       |   414 |  1089 ||  1503
  Dodge: Dodged            |    56 |    59 |   139 |   258 |   471 |   991 |   918 |   947 |   837 ||  4676
  Block: Buckler           |    33 |    27 |    59 |    47 |       |       |       |       |       ||   166

Table legend: (Time is in decaauts)
 A = Elapsed time spent in this place.
 B = Non-inter-level travel time spent in this place.
 C = Inter-level travel time spent in this place.
 D = Time resting spent in this place.
 E = Time spent auto-exploring this place.
 F = Levels seen in this place.
 G = Mean time per level.
                   A        B        C        D        E       F      G
               +--------+--------+--------+--------+--------+-----+--------+
         Total |  85642 |  74452 |  11190 |  20793 |  35884 |  61 | 1404.0 |
       Dungeon |  22595 |  17548 |   5047 |   3561 |  10062 |  15 | 1506.3 |
        Temple |    214 |    207 |      7 |    160 |      1 |   1 |  214.0 |
          Lair |   9153 |   8019 |   1134 |   2553 |   3983 |   5 | 1830.6 |
         Swamp |   5724 |   5451 |    273 |   1485 |   2822 |   4 | 1431.0 |
   Spider Nest |   4746 |   4444 |    302 |   1582 |   1641 |   4 | 1186.5 |
    Slime Pits |   3123 |   2868 |    255 |   1132 |   1091 |   5 |  624.6 |
  Orcish Mines |   1963 |   1719 |    244 |    434 |    857 |   2 |  981.5 |
   Elven Halls |   4566 |   4023 |    543 |   1165 |   1677 |   3 | 1522.0 |
        Vaults |   7622 |   6984 |    638 |   1131 |   4059 |   5 | 1524.4 |
         Crypt |   3407 |   3234 |    173 |    455 |   1863 |   3 | 1135.7 |
        Depths |   8051 |   6503 |   1548 |   1985 |   3036 |   4 | 2012.8 |
           Zot |  11959 |  10936 |   1023 |   4362 |   4222 |   5 | 2391.8 |
        Bazaar |     90 |     90 |      0 |      0 |     83 |   1 |   90.0 |
         Trove |     77 |     77 |      0 |      0 |     25 |   1 |   77.0 |
      Ice Cave |    861 |    861 |      0 |    493 |    107 |   1 |  861.0 |
    Desolation |   1027 |   1027 |      0 |    257 |    301 |   1 | 1027.0 |
      Gauntlet |    457 |    457 |      0 |     35 |     52 |   1 |  457.0 |
               +--------+--------+--------+--------+--------+-----+--------+

Top non-repeatable levels by time:
   Zot:5: 5125 daAuts
  Lair:5: 2661 daAuts
Depths:2: 2473 daAuts
   Elf:3: 2286 daAuts
     D:8: 2183 daAuts
Depths:4: 2095 daAuts
Spider:4: 2031 daAuts
   Zot:4: 2031 daAuts
    D:11: 1965 daAuts
Depths:1: 1964 daAuts
  Lair:4: 1900 daAuts
  Lair:2: 1896 daAuts
    D:12: 1881 daAuts
   Zot:2: 1857 daAuts
    D:15: 1832 daAuts
